Map: [ESL] Site Delta

Players

herO - Winner!

  • Race: Protoss Protoss
  • Spawn Location: 11:00

Spirit

  • Race: Terran Terran
  • Spawn Location: 5:00

Event: ESL Spring 2024 Finals

VOD

Have the link to the VOD?

Description

Time

  • Played on: May 31, 2024, 6:38 p.m.
  • Length: 21:22

All games in this series

Show
View Real Time Build Order
Export as new Build Order

herO Protoss - Winner!

Build Orders: 1 Gate Expand, Colossus Rush 

Get SALT Encoding   

  12  0:00  Probe  
  13  0:13  Probe  
  14  0:18  Pylon  
  14  0:25  Probe  
  15  0:37  Gateway  
  15  0:38  Probe (Chrono Boost)  
  16  0:44  Assimilator  
  17  0:50  Probe (Chrono Boost)  
  17  0:55  Probe (Chrono Boost)  
  18  1:04  Probe  
  19  1:16  Probe  
  20  1:29  Cybernetics Core  
  20  1:34  Nexus  
  20  1:39  Pylon  
  20  1:43  Probe  
  21  1:49  Assimilator  
  21  1:55  Probe  
  22  2:02  Adept (Chrono Boost)  
  22  2:05  Warp Gate  
  22  2:07  Shield Battery  
  24  2:10  Probe  
  25  2:22  Probe  
  26  2:25  Stalker (Chrono Boost)  
  28  2:34  Probe  
  29  2:40  Robotics Facility  
  29  2:47  Probe (Chrono Boost)  
  31  2:51  Probe (Chrono Boost)  
  31  2:52  Stalker (Chrono Boost)  
  31  2:57  Probe (Chrono Boost)  
  34  3:01  Probe (Chrono Boost)  
  34  3:02  Probe (Chrono Boost)  
  36  3:06  Pylon  
  36  3:11  Probe  
  37  3:13  Probe  
  37  3:17  Stalker  
  40  3:24  Cybernetics Core  
  40  3:26  Probe  
  40  3:27  Probe  
  42  3:29  Observer (Chrono Boost)  
  43  3:38  Probe  
  45  3:44  Observer (Chrono Boost)  
  45  3:46  Probe  
  45  3:48  Pylon  
  46  3:50  Assimilator  
  46  3:52  Assimilator  
  46  4:01  Robotics Bay  
  46  4:05  Shield Battery  
  46  4:06  Stalker, Probe x2  
  46  4:09  Warp Prism (Chrono Boost)  
  51  4:18  Probe x2  
  51  4:19  Gateway, Pylon  
  53  4:30  Probe x2  
  53  4:39  Observer  
  52  4:45  Colossus (Chrono Boost)  
  52  4:47  Probe x2  
  60  4:54  Extended Thermal Lance  
  60  4:59  Probe x2  
  61  5:11  Twilight Council, Pylon  
  61  5:13  Probe  
  62  5:16  Pylon  
  62  5:20  Gateway  
  62  5:29  Observer  
  62  5:34  Nexus  
  62  5:35  Stalker  
  63  5:43  Probe, Colossus (Chrono Boost)  
  63  5:48  Sentry  
  72  5:51  Charge  
  72  5:52  Shield Battery  
  72  5:58  Probe x2  
  72  6:03  Gateway  
  74  6:04  Sentry  
  74  6:06  Pylon  
  74  6:08  Gateway  
  76  6:16  Stalker  
  75  6:25  Probe x2  
  76  6:29  Stalker  
  78  6:35  Colossus (Chrono Boost)  
  80  6:41  Zealot  
  80  6:42  Zealot  
  80  6:43  Probe  
  83  6:54  Probe x2  
  83  6:55  Probe  
  83  6:57  Forge  
  83  7:00  Zealot  
  88  7:02  Zealot  
  88  7:06  Stalker  
  90  7:17  Stalker x2  
  90  7:18  Probe  
  96  7:30  Immortal (Chrono Boost)  
  94  7:37  Zealot x3  
  94  7:42  Zealot  
  100  7:46  Probe x2  
  100  7:47  Probe  
  91  7:53  Stalker  
  90  7:58  Protoss Ground Weapons Level 1 (Chrono Boost)  
  90  8:03  Probe x3  
  93  8:07  Zealot x2, Sentry x2  
  101  8:15  Pylon  
  101  8:16  Pylon  
  101  8:19  Pylon  
  101  8:21  Gateway  
  101  8:33  Immortal (Chrono Boost)  
  104  8:37  Stalker, Zealot x3  
  110  8:45  Zealot  
  110  8:50  Probe x3  
  103  9:00  Stalker x2  
  85  9:13  Probe x2  
  85  9:16  Zealot  
  87  9:30  Probe x2  
  89  9:31  Zealot x2  
  93  9:41  Pylon  
  93  9:50  Nexus  
  93  9:53  Probe  
  93  9:55  Protoss Ground Weapons Level 2 (Chrono Boost)  
  93  9:56  Probe  
  96  10:07  Probe (Chrono Boost)  
  96  10:08  Probe (Chrono Boost)  
  97  10:19  Probe (Chrono Boost)  
  97  10:21  Probe (Chrono Boost)  
  99  10:24  Pylon  
  99  10:25  Pylon  
  99  10:26  Observer (Chrono Boost)  
  99  10:27  Probe x2 (Chrono Boost)  
  102  10:29  Shield Battery  
  102  10:41  Probe x2  
  102  10:42  Gateway  
  102  10:43  Stalker  
  102  10:47  Stalker  
  102  10:49  Disruptor (Chrono Boost)  
  110  10:57  Zealot  
  110  10:58  Zealot  
  110  11:01  Blink  
  110  11:03  Observer  
  114  11:05  Probe x3  
  117  11:12  Phoenix  
  117  11:14  Zealot  
  117  11:15  Zealot  
  117  11:18  Probe  
  122  11:23  Zealot  
  124  11:26  Disruptor (Chrono Boost)  
  124  11:28  Pylon  
  124  11:31  Zealot x2  
  131  11:43  Nexus  
  131  11:46  Shield Battery  
  131  11:55  Observer  
  131  11:56  Shield Battery  
  131  11:57  Disruptor (Chrono Boost)  
  131  11:59  Stalker x2  
  139  12:02  Probe x2  
  141  12:08  Protoss Ground Armor Level 1 (Chrono Boost)  
  141  12:10  Pylon x2  
  141  12:12  Pylon  
  141  12:27  Disruptor (Chrono Boost)  
  141  12:28  Probe x3  
  148  12:40  Probe  
  147  12:44  Robotics Facility  
  147  12:45  Zealot x7  
  159  12:56  Photon Cannon  
  159  12:59  Disruptor  
  159  13:02  Observer  
  159  13:04  Probe x4  
  165  13:05  Forge  
  161  13:22  Nexus  
  161  13:24  Photon Cannon  
  161  13:26  Assimilator, Probe x2  
  163  13:32  Zealot x4  
  171  13:35  Disruptor, Pylon  
  171  13:38  Pylon x2  
  171  13:39  Protoss Ground Weapons Level 3 (Chrono Boost)  
  175  13:53  Zealot  
  173  13:58  Protoss Ground Armor Level 2 (Chrono Boost)  
  165  14:04  Zealot x5  
  165  14:09  Zealot  
  177  14:14  Gateway  
  177  14:16  Disruptor  
  177  14:17  Gateway, Disruptor  
  179  14:19  Gateway  
  179  14:20  Gateway  
  183  14:29  Shield Battery  
  177  14:41  Zealot x2  
  177  14:42  Zealot x5, Disruptor  
  177  14:43  Disruptor  
  191  14:50  Photon Cannon  
  181  15:06  Probe  
  142  15:18  Stalker x2  
  142  15:19  Zealot x5  
  144  15:23  Immortal (Chrono Boost)  
  144  15:24  Disruptor (Chrono Boost)  
  142  15:29  Probe x2  
  142  15:30  Probe x2  
  142  15:31  Probe  
  142  15:33  Observer  
  147  15:41  Stalker x2, Probe  
  147  15:42  Zealot x6  
  164  15:43  Stalker, Zealot  
  164  15:44  Zealot  
  169  16:04  Nexus  
  169  16:05  Assimilator  
  169  16:08  Photon Cannon  
  169  16:09  Pylon  
  163  16:20  Zealot  
  163  16:21  Zealot x2  
  163  16:23  Pylon  
  167  16:32  Colossus x2 (Chrono Boost), Photon Cannon  
  167  16:39  Zealot x7  
  185  16:44  Protoss Ground Armor Level 3 (Chrono Boost)  
  185  16:45  Zealot x3  
  191  16:53  Photon Cannon  
  187  17:03  Stalker x4  
  187  17:07  Shield Battery  
  195  17:09  Pylon  
  195  17:11  Zealot x2  
  195  17:13  Protoss Shields Level 1 (Chrono Boost)  
  177  17:41  Zealot x11  
  177  17:42  Immortal  
  159  17:56  Immortal  
  151  18:05  Zealot x10  
  171  18:12  Pylon, Probe x2  
  173  18:13  Probe x3  
  170  18:28  Immortal  
  170  18:36  Immortal  
  170  18:37  Zealot x8  
  182  18:48  Stalker x3  
  182  18:54  Photon Cannon  
  182  18:55  Photon Cannon  
  174  19:09  Pylon  
  166  19:17  Disruptor x2  
  166  19:22  Zealot x11  
  196  19:36  Nexus  
  196  19:37  Shield Battery  
  190  19:57  Disruptor  
  190  19:58  Disruptor  
  172  20:02  Stalker x7  
  182  20:10  Zealot x4  
  188  20:14  Shield Battery  
  180  20:33  Zealot x3, Stalker x2  
  180  20:34  Stalker x5  
  198  20:43  Photon Cannon  
  196  20:59  Pylon  
Show
View Real Time Build Order
Export as new Build Order

Spirit Terran 

Build Orders: Cyclone Opening, Gas First Reaper Expand 

Get SALT Encoding   

  12  0:00  SCV  
  13  0:12  SCV  
  14  0:16  Supply Depot  
  14  0:24  SCV  
  14  0:27  Refinery  
  15  0:38  SCV  
  16  0:46  Barracks  
  16  0:50  SCV  
  17  1:02  SCV  
  18  1:14  SCV  
  19  1:33  Orbital Command, Reaper  
  20  1:46  Command Center  
  20  1:58  Factory  
  20  2:00  SCV  
  21  2:06  Barracks Reactor  
  21  2:13  SCV  
  22  2:16  Supply Depot  
  22  2:19  Refinery  
  22  2:25  SCV  
  23  2:37  SCV  
  23  2:42  Cyclone  
  23  2:44  Marine x2  
  26  2:49  SCV  
  29  2:54  Starport  
  29  3:03  Marine x2  
  31  3:08  SCV  
  32  3:15  Widow Mine  
  34  3:20  SCV  
  34  3:23  Marine x2  
  37  3:30  Orbital Command  
  37  3:32  SCV, Medivac  
  40  3:37  Orbital Command  
  40  3:39  Widow Mine  
  42  3:42  Marine x2, Barracks  
  44  3:49  SCV  
  45  3:57  Supply Depot  
  45  3:59  Marine  
  46  4:04  Supply Depot, Factory Tech Lab  
  46  4:05  Starport Tech Lab  
  46  4:18  Supply Depot, SCV  
  46  4:19  SCV, Marine x2  
  49  4:25  Siege Tank  
  49  4:31  SCV x2, Bunker  
  52  4:43  SCV x2  
  52  4:44  Marine  
  52  4:45  Marine, Stimpack  
  53  4:47  Liberator  
  55  4:55  Supply Depot, SCV x2  
  57  5:00  Siege Tank  
  57  5:03  Supply Depot  
  60  5:07  SCV x2, Marine x2  
  60  5:08  Marine  
  60  5:13  Refinery  
  65  5:19  SCV  
  66  5:25  Marine x2  
  66  5:26  Supply Depot  
  66  5:27  SCV  
  69  5:31  SCV  
  69  5:32  Siege Tank  
  69  5:39  SCV  
  69  5:41  Marine  
  71  5:43  SCV  
  71  5:44  Marine  
  72  5:50  Marine  
  72  5:51  SCV  
  72  5:52  Engineering Bay  
  72  5:55  SCV  
  72  5:56  Medivac  
  77  6:03  Supply Depot, SCV  
  77  6:04  Marine x2  
  79  6:07  SCV  
  81  6:11  Siege Tank  
  81  6:15  SCV, Marine  
  86  6:19  SCV  
  86  6:21  Marine  
  86  6:24  Marine  
  89  6:27  SCV  
  89  6:28  Starport Reactor  
  89  6:29  Combat Shield  
  89  6:31  Barracks  
  90  6:34  SCV  
  88  6:40  SCV  
  89  6:47  Refinery  
  89  6:48  SCV  
  89  6:50  Command Center  
  84  6:55  Marine  
  84  6:56  Marauder  
  84  6:57  Factory Reactor  
  84  6:58  SCV  
  84  7:01  Terran Infantry Weapons Level 1, Marine, SCV  
  88  7:02  Supply Depot  
  90  7:10  SCV  
  90  7:13  SCV, Marine  
  90  7:14  Medivac  
  92  7:17  Marauder, Medivac  
  92  7:21  Marine  
  92  7:22  SCV  
  94  7:25  SCV  
  94  7:28  Barracks Tech Lab  
  95  7:34  SCV  
  94  7:37  SCV  
  94  7:38  Marine  
  94  7:39  Marauder  
  94  7:43  Marine  
  98  7:46  SCV  
  98  7:47  Barracks  
  98  7:48  Concussive Shells, Marauder  
  98  7:50  Barracks  
  84  7:53  SCV  
  84  7:56  Marine  
  86  7:59  Bunker  
  86  8:00  Marauder  
  86  8:01  Marine, Viking x2  
  86  8:02  SCV  
  86  8:05  SCV, Widow Mine x2  
  97  8:10  Marauder  
  99  8:14  SCV, Marine  
  99  8:17  SCV  
  102  8:21  Marauder  
  102  8:22  Marine  
  102  8:27  SCV  
  103  8:28  Orbital Command  
  103  8:31  Marauder  
  103  8:32  Marine  
  105  8:35  Viking  
  105  8:36  Marine  
  108  8:42  Marine  
  108  8:43  Marauder  
  108  8:45  Marine  
  111  8:52  Marauder  
  111  8:55  Marauder  
  111  8:56  Marine  
  111  9:00  Marine  
  92  9:03  Marine  
  92  9:04  Marauder  
  92  9:09  Viking  
  87  9:14  Marauder  
  87  9:16  Marauder  
  88  9:19  Orbital Command  
  88  9:20  Marine  
  88  9:23  Barracks Tech Lab, Viking  
  90  9:25  Marauder  
  90  9:27  Marine  
  90  9:32  Terran Infantry Armor Level 1  
  90  9:35  Marauder  
  90  9:37  SCV x2, Marine  
  95  9:39  Marine  
  96  9:45  Viking  
  96  9:49  SCV x3  
  96  9:52  Widow Mine  
  103  9:53  Marine  
  104  10:00  Marine, Marauder  
  104  10:01  SCV x2  
  104  10:04  Supply Depot  
  109  10:10  Widow Mine  
  109  10:12  Supply Depot, Viking  
  109  10:14  Widow Mine  
  115  10:16  Marauder  
  117  10:25  Marine x3, Marauder  
  117  10:27  Viking  
  124  10:31  Supply Depot  
  124  10:33  Missile Turret  
  124  10:35  Marauder  
  126  10:42  Viking  
  128  10:45  Ghost Academy  
  128  10:46  Marine  
  128  10:48  Marine  
  130  10:51  Marauder  
  130  10:53  SCV  
  130  10:54  SCV  
  134  11:01  Orbital Command  
  137  11:05  SCV  
  141  11:16  Ghost x2  
  141  11:27  Refinery  
  141  11:29  Refinery  
  141  11:30  Supply Depot, Ghost  
  141  11:31  Supply Depot  
  142  11:34  Medivac  
  142  11:35  Medivac  
  142  11:36  SCV x3  
  147  11:40  Bunker  
  147  11:48  SCV x2  
  147  11:52  SCV  
  147  11:53  Ghost  
  150  11:58  Supply Depot  
  150  12:00  SCV x2  
  154  12:03  Ghost  
  154  12:04  SCV  
  157  12:12  SCV  
  158  12:16  Ghost  
  158  12:21  Armory  
  158  12:22  Engineering Bay  
  160  12:23  Marauder  
  160  12:26  Medivac  
  160  12:29  Marine, Medivac  
  167  12:31  Marine  
  167  12:32  Marine  
  167  12:36  Marauder  
  169  12:45  Marine, Marauder  
  169  12:47  Supply Depot  
  169  12:48  Supply Depot  
  169  12:49  SCV  
  173  12:58  Supply Depot  
  171  13:05  Supply Depot  
  171  13:09  SCV, Marauder  
  171  13:12  Command Center  
  174  13:14  Terran Infantry Weapons Level 2  
  174  13:16  Marine, Marauder  
  174  13:18  Marauder  
  177  13:21  Missile Turret  
  177  13:23  Terran Ship Weapons Level 1  
  177  13:26  Terran Infantry Armor Level 2  
  177  13:30  Marauder  
  179  13:35  Widow Mine x2  
  183  13:41  Marine  
  183  13:42  SCV x2, Marauder  
  183  13:45  Marine  
  183  13:47  SCV  
  183  13:48  Marine  
  190  13:53  Marine, Marauder  
  190  13:54  SCV  
  190  13:55  SCV  
  193  14:02  Ghost  
  193  14:07  Supply Depot, Marine  
  193  14:08  Marauder  
  197  14:23  SCV x2  
  199  14:27  SCV  
  193  14:35  SCV  
  186  14:39  Ghost x4  
  183  14:45  Missile Turret  
  183  14:49  Sensor Tower  
  183  14:50  Planetary Fortress  
  181  14:53  SCV  
  177  15:01  Marine  
  177  15:02  SCV  
  171  15:07  Marine, Ghost  
  171  15:08  Marauder x2  
  171  15:09  SCV, Marauder  
  171  15:12  Medivac  
  157  15:15  SCV  
  157  15:19  Marine  
  154  15:21  Medivac  
  154  15:22  SCV  
  154  15:25  Marine  
  158  15:29  Marine  
  158  15:30  Marauder x2  
  158  15:32  Terran Ship Weapons Level 2  
  163  15:36  Marine  
  163  15:37  Marine  
  163  15:43  Marine  
  163  15:47  Ghost  
  166  15:51  Barracks, Marauder x2  
  166  15:52  Barracks  
  166  15:53  Terran Infantry Weapons Level 3  
  166  15:54  Marine  
  166  15:55  Marine  
  172  16:03  Marine  
  173  16:08  Medivac x2  
  173  16:11  SCV  
  178  16:12  Marine, Command Center  
  178  16:17  Terran Infantry Armor Level 3  
  173  16:30  Sensor Tower  
  173  16:31  Marine, Marauder x4  
  177  16:43  SCV  
  177  16:44  Marine  
  177  16:45  Barracks Tech Lab  
  177  16:46  Barracks Tech Lab  
  178  16:50  Barracks  
  178  16:51  Marine  
  178  16:52  Marauder  
  178  16:53  Marine, Marauder x2  
  183  17:01  Marine  
  183  17:04  Marauder  
  180  17:08  Marauder  
  180  17:09  Marine, Widow Mine  
  180  17:10  Widow Mine  
  180  17:11  Marauder  
  180  17:13  Marine  
  180  17:14  Marauder  
  190  17:18  SCV x2  
  190  17:25  Marine  
  190  17:27  Missile Turret  
  190  17:29  Planetary Fortress  
  186  17:32  Marine  
  186  17:33  Marauder  
  186  17:35  Marine  
  183  17:40  Viking x2  
  183  17:41  Marine  
  168  17:48  Marauder x3  
  152  17:53  Marine  
  152  17:54  Marauder  
  152  17:57  Marine  
  140  18:03  Marauder x2  
  131  18:09  Marine x2, Marauder  
  131  18:10  Viking x2  
  131  18:11  Barracks Tech Lab, Marine  
  140  18:14  Marine  
  140  18:15  Marauder  
  143  18:25  Marauder x2  
  143  18:26  Marine  
  139  18:27  Marauder  
  139  18:28  Marine  
  139  18:29  Marauder  
  139  18:31  Marauder  
  139  18:32  Marine  
  145  18:36  Marauder  
  145  18:40  Medivac, Viking  
  137  18:45  Marauder  
  137  18:46  Marine, Marauder x2  
  143  18:49  Marauder  
  143  18:50  Marine  
  143  18:51  Marauder  
  143  18:52  Marauder  
  150  18:57  Marine  
  149  19:04  Marine  
  149  19:06  Marauder  
  149  19:07  Orbital Command, Marine  
  149  19:08  Marine  
  144  19:10  Marauder, Medivac  
  144  19:11  Medivac  
  144  19:13  Marine  
  154  19:22  Marine  
  158  19:33  Ghost x4  
  158  19:34  Marauder  
  158  19:35  Marauder  
  158  19:37  Refinery x2  
  160  19:38  Refinery  
  160  19:39  SCV x2, Refinery  
  155  19:51  Orbital Command, SCV x2  
  126  19:55  Marine, Marauder  
  126  19:58  Ghost  
  121  20:00  Marine  
  121  20:03  SCV x2  
  121  20:04  Marine, Marauder  
  121  20:06  Marine, Marauder  
  130  20:07  Marine  
  130  20:13  Marine  
  131  20:15  SCV x2  
  131  20:17  Marauder  
  131  20:18  Marine  
  131  20:20  Medivac  
  137  20:22  Marauder  
  137  20:24  Marine  
  137  20:27  SCV  
  139  20:29  Marauder  
  139  20:34  Marauder  
  138  20:43  Marauder  
  138  20:44  Marine  
  138  20:47  Marine  
  141  20:55  Marauder  
  143  20:58  Marine  
Tags
 
Add a new tag
Caveats
  • Supply blocks, unpowered buildings, or Contaminate may cause inaccurate times.
  • Supply counts are checked every 10 seconds.